 Dungeon Crawl Stone Soup version 0.26.0-16-gc1dbca0489 (webtiles) character file.

Game seed: 4117133912936676184

62 DungeonDestroyer the Shield-Bearer (level 4, -6/41 HPs)
             Began as a Gnoll Fighter on Jan 18, 2021.
             Mangled by a small abomination (10 damage)
             ... on level 1 of the Abyss.
             The game lasted 00:03:25 (1225 turns).

DungeonDestroyer the Shield-Bearer (Gnoll Fighter)  Turns: 1225, Time: 00:03:26

Health: -6/41      AC: 10    Str: 18 (19) XL:     4   Next: 8%
Magic:  5/5        EV:  8    Int:  9 (10) God:
Gold:   142        SH: 10    Dex: 15      Spells: 5/5 levels left

rFire    . . .     SeeInvis .   a - +0 trident
rCold    . . .     Faith    .   c - +0 kite shield
rNeg     . . .     Spirit   .   b - +0 scale mail
rPois    .         Reflect  .   (no helmet)
rElec    .         Harm     .   (no cloak)
rCorr    .         Rampage  .   i - +0 pair of gloves
Will     .....                  j - +0 pair of boots
Stlth    ..........             e - amulet of regeneration
HPRegen  0.53/turn              (no ring)
MPRegen  0.09/turn              (no ring)

@: no status effects
A: distributed training, fangs 1, strong nose
a: no special abilities


You were on level 1 of the Abyss.
You visited 1 branch of the dungeon, and saw 2 of its levels.
You visited the Abyss 1 time.

You collected 142 gold pieces.

Inventory:

Hand Weapons
 a - a +0 trident (weapon)
Missiles
 f - 8 boomerangs (quivered)
 t - 3 silver javelins
Armour
 b - a +0 scale mail (worn)
 c - a +0 kite shield (worn)
 i - a +0 pair of gloves (worn)
 j - a +0 pair of boots (worn)
Jewellery
 e - an amulet of regeneration (around neck)
 h - an uncursed amulet of reflection {unknown}
Scrolls
 k - a scroll of teleportation {unknown}
 l - a scroll of enchant armour {unknown}
 p - a scroll of random uselessness {unknown}
 q - a scroll of remove curse {unknown}
 r - a scroll of amnesia {unknown}
 s - a scroll of blinking {unknown}
Potions
 d - a potion of might
 g - a potion of curing
 m - a potion of haste {unknown}
 n - a potion of lignification {unknown}
 o - a potion of ambrosia {unknown}


   Skills:
 + Level 6.5 Fighting
 + Level 1.0 Short Blades
 + Level 1.0 Long Blades
 + Level 1.0 Axes
 + Level 1.0 Maces & Flails
 + Level 4.6 Polearms
 + Level 1.0 Staves
 + Level 1.0 Slings
 + Level 1.0 Bows
 + Level 1.0 Crossbows
 + Level 1.0 Throwing
 + Level 6.5 Armour
 + Level 1.0 Dodging
 + Level 1.0 Stealth
 + Level 6.5 Shields
 + Level 1.0 Unarmed Combat
 + Level 1.0 Spellcasting
 + Level 0.7 Conjurations
 + Level 0.7 Hexes
 + Level 0.7 Summonings
 + Level 0.7 Necromancy
 + Level 0.7 Translocations
 + Level 0.7 Transmutations
 + Level 0.7 Fire Magic
 + Level 0.7 Ice Magic
 + Level 0.7 Air Magic
 + Level 0.7 Earth Magic
 + Level 0.7 Poison Magic
 + Level 1.1 Invocations
 + Level 1.0 Evocations


You had 5 spell levels left.
You didn't know any spells.
Your spell library was empty.

Dungeon Overview and Level Annotations

Branches:
Dungeon (2/15)

Altars:

Annotations:
D:2 Crazy Yiuf


Innate Abilities, Weirdness & Mutations

Your experience applies equally to all skills.
You have very sharp teeth.
Your uncanny sense of smell can sniff out nearby items.


Message History

You are too injured to fight recklessly!
You are too injured to fight recklessly!
You are too injured to fight recklessly!
You are too injured to fight recklessly!
You are too injured to fight recklessly!
You are too injured to fight recklessly!
You are too injured to fight recklessly!
You are too injured to fight recklessly!
You are too injured to fight recklessly!
You are too injured to fight recklessly!
You are too injured to fight recklessly!
You are too injured to fight recklessly!
You barely miss the small abomination.
The small abomination is heavily damaged.
The small abomination hits you!
* * * LOW HITPOINT WARNING * * *
You puncture the small abomination!
The small abomination is severely damaged.
The small abomination hits you!
You die...

# .. #
...#.
...## ...
#### #x##
#..# ##@#
.##. #.. #
.#
.##.##.# .
##
#.#..##...
#.# #.# ##
....###.
#. .#.#
###
.#####...
.#. #.##..
..# . .
#.....#.
#.#. # #
##.. . .
###.. ##.#


You could see a small abomination.

Vanquished Creatures
  2 worms (D:2)
  3 dart slugs
  A leopard gecko (D:1)
  10 bats
  A giant cockroach (D:1)
  8 goblins
  7 hobgoblins
  A quokka (D:2)
  5 frilled lizards (D:1)
  3 kobolds
  7 rats
48 creatures vanquished.

Notes
Turn   | Place    | Note
-------+----------+-------------------------------------------
     0 | D:1      | DungeonDestroyer the Gnoll Fighter began the quest for the
                  | Orb.
     0 | D:1      | Reached XP level 1. HP: 23/23 MP: 1/1
     6 | D:1      | Noticed a black mamba
     6 | D:1      | Noticed a rime drake
     7 | D:1      | Noticed a lindwurm
     7 | D:1      | Noticed a polar bear
    85 | D:1      | Reached XP level 2. HP: 29/29 MP: 2/2
   242 | D:1      | Reached XP level 3. HP: 35/35 MP: 3/3
   638 | D:2      | Reached skill level 1 in Invocations
   789 | D:2      | Found a runed translucent door.
   790 | D:2      | Noticed Crazy Yiuf
   991 | D:2      | Reached skill level 1 in Short Blades
   991 | D:2      | Reached skill level 1 in Long Blades
   991 | D:2      | Reached skill level 1 in Axes
   991 | D:2      | Reached skill level 1 in Maces & Flails
   991 | D:2      | Reached skill level 1 in Staves
   991 | D:2      | Reached skill level 1 in Slings
   991 | D:2      | Reached skill level 1 in Bows
   991 | D:2      | Reached skill level 1 in Crossbows
   991 | D:2      | Reached skill level 1 in Throwing
   991 | D:2      | Reached skill level 1 in Dodging
   991 | D:2      | Reached skill level 1 in Stealth
   991 | D:2      | Reached skill level 1 in Unarmed Combat
   991 | D:2      | Reached skill level 1 in Spellcasting
   991 | D:2      | Reached skill level 1 in Evocations
  1036 | D:2      | Reached XP level 4. HP: 37/41 MP: 5/5
  1164 | D:2      | Cast into level 1 of the Abyss (Crazy Yiuf)
  1213 | Abyss:1  | Noticed a small abomination
  1225 | Abyss:1  | Mangled by a small abomination

Illustrated notes

Levels and vault maps discovered:
D:1:      onia_arrival_zoo_common, layout_rooms, lemuel_another_geyser
D:2:      layout_rooms, serial_glass, glass_columns_b, glass_columns_a,
          glass_columns_a, glass_columns_c, glass_columns_b, glass_columns_c,
          glass_columns_b, glass_columns_c, glass_columns_b, glass_columns_b,
          minmay_3d_cube, uniq_crazy_yiuf_cottage
Abyss:1:  base:
Temple

Skill      XL: |  1  2  3 |
---------------+----------+-----
Invocations    | 1 |  1.1
Short Blades   | 1 |  1.0
Long Blades    | 1 |  1.0
Axes           | 1 |  1.0
Maces & Flails | 1 |  1.0
Staves         | 1 |  1.0
Slings         | 1 |  1.0
Bows           | 1 |  1.0
Crossbows      | 1 |  1.0
Throwing       | 1 |  1.0
Dodging        | 1 |  1.0
Stealth        | 1 |  1.0
Unarmed Combat | 1 |  1.0
Spellcasting   | 1 |  1.0
Evocations     | 1 |  1.0
Fighting       | |  6.5
Polearms       | |  4.6
Armour         | |  6.5
Shields        | |  6.5
Conjurations   | |  0.7
Hexes          | |  0.7
Summonings     | |  0.7
Necromancy     | |  0.7
Translocations | |  0.7
Transmutations | |  0.7
Fire Magic     | |  0.7
Ice Magic      | |  0.7
Air Magic      | |  0.7
Earth Magic    | |  0.7
Poison Magic   | |  0.7

Action                   |  1- 3 |  4- 6 || total
-------------------------+-------+-------++-------
Melee: Trident           |   124 |    20 ||   144
       Bite              |    11 |     1 ||    12
  Use: Potion            |     4 |       ||     4
Armor: Scale mail        |    39 |     4 ||    43
Dodge: Dodged            |    27 |     2 ||    29
Block: Kite shield       |    41 |     4 ||    45
